 Dungeon Crawl Stone Soup version 0.26.0-10-g1f06aea511 (webtiles) character file.

Game seed: 844977759251976383

2041 trckry the Grappler (level 9, -4/64 HPs)
             Began as a Pale Draconian Transmuter on Jan 13, 2021.
             Slain by a boulder beetle (13 damage)
             ... on level 7 of the Dungeon.
             The game lasted 00:21:12 (9594 turns).

trckry the Grappler (Pale Draconian Transmuter)     Turns: 9594, Time: 00:21:12

Health: -4/64      AC:  9    Str: 13    XL:     9   Next: 4%
Magic:  12/12      EV: 12    Int: 17    God:
Gold:   241        SH:  0    Dex: 11    Spells: 11/12 levels left

rFire    . . .     SeeInvis .     - Unarmed
rCold    . . .     Faith    .   (no shield)
rNeg     . . .     Spirit   .   (armour unavailable)
rPois    .         Reflect  .   (helmet restricted)
rElec    .         Harm     .   r - +0 cloak
rCorr    .         Rampage  .   p - +0 pair of gloves
Will     .....                  (no boots)
Stlth    +.........             (no amulet)
HPRegen  0.20/turn              (no ring)
MPRegen  0.13/turn              (no ring)

@: no status effects
A: breathe steam, unfitting armour, cold-blooded, AC +7
a: Breathe Steam


You were on level 7 of the Dungeon.
You visited 1 branch of the dungeon, and saw 7 of its levels.
You also visited: Sewer.

You collected 283 gold pieces.
You spent 42 gold pieces at shops.

Inventory:

Missiles
 f - 35 poisoned darts (quivered)
Armour
 p - a +0 pair of gloves (worn)
 r - a +0 cloak (worn)
Wands
 n - a wand of flame (17)
 x - a wand of polymorph (5)
Scrolls
 a - 5 scrolls of teleportation {unknown}
 e - 6 scrolls of identify {unknown}
 g - 4 scrolls of enchant armour {unknown}
 i - 2 scrolls of enchant weapon {unknown}
 l - 3 scrolls of immolation {unknown}
 q - 2 scrolls of fog {unknown}
 s - a scroll of amnesia {unknown}
 u - a scroll of blinking {unknown}
 w - a scroll of remove curse {unknown}
 y - a scroll of fear {unknown}
Potions
 b - a potion of ambrosia {unknown}
 c - 4 potions of lignification {unknown}
 d - 10 potions of curing
 h - a potion of berserk rage
 j - 5 potions of heal wounds {unknown}
 k - 3 potions of flight {unknown}
 m - 2 potions of degeneration {unknown}
 o - 3 potions of might {unknown}
 t - a potion of haste {unknown}
 v - a potion of attraction {unknown}


   Skills:
 - Level 1.1 Fighting
 - Level 1.7 Dodging
 * Level 8.5 Unarmed Combat
 - Level 2.0 Spellcasting
 * Level 8.1 Transmutations
 + Level 4.2 Evocations


You had 11 spell levels left.
You knew the following spells:

 Your Spells              Type           Power        Failure   Level
a - Beastly Appendage     Tmut           58%          1%          1

Your spell library contained the following spells:

 Spells                   Type           Power        Failure   Level
 Wereblood                Tmut           29%          1%          2
 Spider Form              Tmut/Pois      7%           11%         3
 Blade Hands              Tmut           14%          19%         5
 Ice Form                 Ice/Tmut       15%          36%         4


Dungeon Overview and Level Annotations

Branches:
Dungeon (7/15)              Sewer (visited)
 Temple: D:4-7

Altars:
Fedhas
Ru

Shops:
D:4 }   D:5 *

Annotations:
D:3 2 transporters, lastplaneout's ghost, amateur VSGl


Innate Abilities, Weirdness & Mutations

You can breathe blasts of scalding, opaque steam.
Your pale cyan-grey scales are hard. (AC +7)
You cannot fit into any form of body armour.
You are cold-blooded and may be slowed by cold attacks.


Message History

The boulder beetle is heavily wounded.
The boulder beetle is engulfed in a cloud of scalding steam.
The boulder beetle bites you!
* * * LOW HITPOINT WARNING * * *
A wight comes into view. It is wielding a +4 halberd.
The boulder beetle is engulfed in a cloud of scalding steam.
The boulder beetle curls into a ball and begins rolling!
Found a robe.
The boulder beetle closely misses you.
The boulder beetle stops rolling and uncurls.
You have got your breath back.
The boulder beetle leaps!
Something hits you but does no damage.
Deactivating autopickup; reactivate with Ctrl-A.
The boulder beetle curls into a ball and begins rolling!
Something hits you but does no damage. Something hits you.
* * * LOW HITPOINT WARNING * * *
The boulder beetle hits you!
You die...

#....# #...## #....+
+...# #.#### #...#
.....# #..###
#.#########....##
#.#
#......°...#######.#
#.#
#.###...°○.........#
#.##
#........{B.########
#.c###.###.cz..{@#
.§.§c..###...)..##
#§#####.(......##
#.# #.#####.## #.#
#.. #.# ..# .[. #.#
### .... #.#
.#####.# .. ..#


You could see a boulder beetle, a centaur and a wight.

Vanquished Creatures
  Sigmund (D:2)
  A yak (D:7)
  Duvessa (D:6)
  A sky beast (D:7)
  An orc warrior (D:6)
  An ice beast (D:6)
  A black bear (D:6)
  An ogre (D:4)
  Dowan (D:6)
  A scorpion (D:5)
  A wight (D:7)
  A vampire bat (D:4)
  A howler monkey (D:6)
  2 bullfrog zombies
  A quasit (D:5)
  A jelly (D:6)
  6 orc priests
  A hound (D:3)
  2 orc wizards (D:6)
  Crazy Yiuf (D:2)
  A bullfrog skeleton (D:4)
  3 worker ants
  3 hound skeletons
  Robin (D:2)
  9 adders
  8 gnolls
  4 river rats (Sewer)
  2 oozes
  A worm (D:3)
  A dart slug (D:1)
  7 leopard geckos
  21 orcs
  9 bats
  6 giant cockroaches
  15 goblins
  9 hobgoblins
  6 jackals
  4 quokkas
  6 ball pythons
  4 frilled lizards
  A jackal skeleton (D:4)
  19 kobolds
  42 rats
209 creatures vanquished.

Notes
Turn   | Place    | Note
-------+----------+-------------------------------------------
     0 | D:1      | trckry the Draconian Transmuter began the quest for the
                  | Orb.
     0 | D:1      | Reached XP level 1. HP: 16/16 MP: 3/3
   173 | D:1      | Reached XP level 2. HP: 23/23 MP: 3/5
   806 | D:2      | Noticed Robin
  1041 | D:1      | HP: 2/23 [goblin[Robin] (3)]
  1488 | D:2      | Reached XP level 3. HP: 26/28 MP: 4/6
  1495 | D:2      | Killed Robin
  1640 | D:2      | Found a blossoming altar of Fedhas.
  1871 | D:2      | Reached XP level 4. HP: 14/35 MP: 7/7
  2458 | D:2      | Noticed Sigmund
  3210 | D:3      | Found a transporter.
  3212 | D:3      | Noticed lastplaneout's ghost (amateur VSGl)
  3213 | D:3      | Noticed an ogre
  3217 | D:3      | Identified the +6 great mace of the Ancients {drain, rElec
                  | rC- Str+4 Int+9}
  3217 | D:3      | Noticed an ogre
  3221 | D:3      | Found a transporter.
  3366 | D:2      | Reached XP level 5. HP: 22/40 MP: 6/8
  3826 | D:3      | Reached skill level 5 in Unarmed Combat
  4364 | D:4      | Found Tuxziseu's Gadget Shoppe.
  4515 | D:4      | Reached XP level 6. HP: 41/47 MP: 9/9
  5153 | D:4      | Reached skill level 5 in Transmutations
  5938 | D:4      | Your scales start taking on a pale cyan-grey colour.
  5938 | D:4      | Reached XP level 7. HP: 35/52 MP: 8/10
  6200 | D:5      | Entered Level 5 of the Dungeon
  6354 | D:5      | Found a glowing drain.
  6383 | Sewer    | Entered a sewer
  6966 | D:5      | Found Segeiz's General Store.
  6974 | D:5      | Bought a scroll of noise for 14 gold pieces
  6974 | D:5      | Bought a cursed amulet of inaccuracy for 28 gold pieces
  6980 | D:5      | Reached skill level 1 in Evocations
  7856 | D:6      | Reached XP level 8. HP: 59/59 MP: 9/11
  8265 | D:6      | Found a sacrificial altar of Ru.
  8532 | D:6      | Noticed Duvessa
  8532 | D:6      | Noticed Dowan
  8548 | D:6      | Killed Duvessa
  8551 | D:6      | Killed Dowan
  8896 | D:2      | Found a runed translucent door.
  8897 | D:2      | Noticed Crazy Yiuf
  8902 | D:2      | Killed Crazy Yiuf
  9044 | D:2      | Killed Sigmund
  9552 | D:7      | Noticed a boulder beetle
  9573 | D:7      | Reached XP level 9. HP: 21/64 MP: 12/12
  9594 | D:7      | Slain by a boulder beetle

Illustrated notes

Levels and vault maps discovered:
D:1:      onia_arrival_pentagram, layout_loops_ring
D:2:      layout_loops_ring, old_standard_altar, corexii_shack, minmay_rat_hole,
          uniq_crazy_yiuf_cottage, uniq_robin, uniq_sigmund
D:3:      layout_loops_ring, gammafunk_ghost_smash
D:4:      layout_rooms, serial_shops, nicolae_shop_statue_plus, roderic_batcave
D:5:      layout_basic, gup_sewer_entry_pipe, serial_shops, shop
D:6:      layout_basic, nicolae_ru_sacrificial_ziggurat, uniq_duvessa
D:7:      minmay_the_grid_square_5x5_3x3 [minmay_the_grid_square_5x5_three,
          minmay_the_grid_square_5x5_two_small,
          minmay_the_grid_square_5x5_trominoes,
          minmay_the_grid_square_5x5_two_walls_b,
          minmay_the_grid_square_5x5_megaprize_crossed,
          minmay_the_grid_square_5x5_c, minmay_the_grid_square_5x5_eight,
          minmay_the_grid_square_5x5_tri_point,
          minmay_the_grid_square_5x5_one_wall], layout_loops_ring,
          grunt_temple_overflow_gold_and_silver, nzn_wu_jian_contemplation,
          temple_hall, serial_rivers, chequers_serial_rivers_micro_d,
          chequers_serial_rivers_large_a, chequers_serial_rivers_room_b,
          chequers_serial_rivers_large_b, chequers_serial_rivers_room_b,
          basic_altar

Skill      XL: |  1  2  3  4  5  6  7  8 |
---------------+-------------------------+-----
Transmutations | 3 4 5 6 8 |  8.1
Unarmed Combat | 4 5 6 7 8 |  8.5
Evocations     | 2 4 |  4.2
Fighting       | |  1.1
Dodging        | |  1.7
Spellcasting   | |  2.0

Action                   |  1- 3 |  4- 6 |  7- 9 || total
-------------------------+-------+-------+-------++-------
Melee: Unarmed           |   156 |   187 |   219 ||   562
       Kick              |    17 |    34 |    33 ||    84
       Headbutt          |    13 |    18 |    22 ||    53
       Tailslap          |     9 |    19 |    17 ||    45
       Punch             |     3 |     2 |     2 ||     7
Throw: Dart              |       |    12 |       ||    12
 Cast: Beastly Appendage |    21 |    31 |    18 ||    70
 Abil: Breathe Steam     |       |       |    31 ||    31
 Stab: Sleeping          |     1 |       |       ||     1
Armor: Skin              |    41 |    49 |    71 ||   161
Dodge: Dodged            |   128 |   126 |   115 ||   369
